 Dungeon Crawl Stone Soup version 0.31-a0-1576-ga3383bade6 (webtiles) character file.

Game seed: 13421760725445663846

192555 grandjackal the Force of Nature (level 17, -5/153 HPs)
             Began as a Demonspawn Gladiator on Jan 4, 2024.
             Was the Champion of Fedhas.
             Succumbed to a naga mage's bolt of poison
             ... on level 2 of the Snake Pit.
             The game lasted 00:41:05 (25198 turns).

grandjackal the Force of Nature (DsGl)             Turns: 25198, Time: 00:41:05

Health: -5/153     AC: 25    Str: 24    XL:     17   Next: 61%
Magic:  27/31      EV: 17    Int:  9    God:    Fedhas [******]
Gold:   804        SH:  0    Dex: 16    Spells: 16/16 levels left

rFire   . .          .
                       - Unarmed
rCold   . . .        (no shield)
rNeg    + . .        U - +3 scale mail {rN+}
rPois   +            X - +2 helmet {SInv}
rElec   +            x - +2 cloak of the Nurturing Gods {Regen+}
rCorr   .            (no gloves)
SInv    +            L - +1 pair of boots {Fly}
Will    ++...        W - amulet of Paranoia {Regen+ Str+3 Dex+2 Stlth-} Stlth
                     V - ring of the Tortoise {AC+8}
HPRegen 2.05/turn    S - ring "Quickosch" {rElec rPois Will+ EV+5}
MPRegen 0.22/turn

%: no passive effects
@: lethally poisoned (-5 -> -17), flying, slowed, very slow
A: claws 2, icemail 1, spiny 2, sturdy frame 2, condensation shield, clumsy 1
}: 1/15 runes: decaying
a: Renounce Religion, Wall of Briars, Grow Ballistomycete, Overgrow, Grow Oklob


You were on level 2 of the Snake Pit.
You worshipped Fedhas.
Fedhas was exalted by your worship.
You visited 6 branches of the dungeon, and saw 29 of its levels.
You also visited: Gauntlet and Ice Cave.

You collected 3065 gold pieces.
You spent 2261 gold pieces at shops.

Inventory:

Missiles
 d - 4 throwing nets (quivered)
 e - 11 javelins
 f - 6 silver javelins
Armour
 j - a +0 cloak of cold resistance
 x - the +2 cloak of the Nurturing Gods (worn) {Regen+}
   (You found it on level 4 of the Dungeon)

   Regen+:    It increases your rate of health regeneration.
 L - a +1 pair of boots of flying (worn)
 U - a +3 scale mail of positive energy (worn)
 X - a +2 helmet of see invisible (worn)
Jewellery
 h - the ring of Girideaz {Will+ MP+9}
   (You took it off a minotaur in a Gauntlet)

   [ring of magical power]

   Will+:     It increases your willpower.
   MP+9:      It affects your magic capacity (+9).
 G - a ring of resist corrosion
 R - a ring of ice
 S - the ring "Quickosch" (right claw) {rElec rPois Will+ EV+5}
   (You bought it in a shop on level 1 of the Orcish Mines)

   [ring of evasion]

   EV+5:      It affects your evasion (+5).
   rElec:     It insulates you from electricity.
   rPois:     It protects you from poison Will+: It increases your willpower.
 V - the ring of the Tortoise (left claw) {AC+8}
   (You found it in a Gauntlet)

   [ring of protection]

   AC+8:      It affects your AC (+8).
 W - the amulet of Paranoia (around neck) {Regen+ Str+3 Dex+2 Stlth-}
   (You found it in a Gauntlet)

   [amulet of regeneration]

   Str+3:     It affects your strength (+3).
   Dex+2:     It affects your dexterity (+2).
   Regen+:    It increases your rate of health regeneration.
   Stlth-:    It makes you less stealthy.
 Z - the ring "Imischal" {rF+ rN+ SInv}
   (You acquired it on level 15 of the Dungeon)

   [ring of protection from fire]

   rF+:       It protects you from fire.
   rN+:       It protects you from negative energy.
   SInv:      It lets you see invisible.
Wands
 A - a wand of light (17)
 E - a wand of flame (44)
 M - a wand of charming (20)
 N - a wand of digging (6)
 O - a wand of roots (36)
 P - a wand of polymorph (5)
Scrolls
 c - a scroll of amnesia {unknown}
 i - 5 scrolls of fear
 k - 2 scrolls of poison
 l - 5 scrolls of fog
 n - a scroll of torment
 p - 4 scrolls of identify
 q - 6 scrolls of immolation
 r - 14 scrolls of teleportation
 t - 5 scrolls of blinking
 u - 3 scrolls of revelation
 J - a scroll of silence
 Q - 2 scrolls of vulnerability
Potions
 a - 2 potions of invisibility
 g - 10 potions of curing
 m - 2 potions of attraction
 s - 9 potions of mutation
 v - 2 potions of might
 w - 3 potions of resistance
 z - 5 potions of magic
 B - 4 potions of lignification
 C - 6 potions of heal wounds
 D - 3 potions of enlightenment
 F - a potion of ambrosia
 H - 7 potions of haste
 I - 2 potions of cancellation
 K - 4 potions of brilliance
 T - 4 potions of berserk rage
Miscellaneous
 b - a phantom mirror
 o - a lightning rod (4/4)


   Skills:
 + Level 19.5 Fighting
 - Level 5.6 Axes
 - Level 2.0 Throwing
 - Level 3.0 Dodging
 + Level 17.6 Unarmed Combat
 + Level 21.5 Invocations


You had 16 spell levels left.
You didn't know any spells.
Your spell library contained the following spells:

 Spells                   Type           Power      Damage    Failure   Level
 Apportation              Tloc           0%         N/A       50%         1
 Foxfire                  Conj/Fire      0%         2x1d4     50%         1
 Freeze                   Ice            0%         1d3       50%         1
 Kiss of Death            Conj/Necr      0%         2d5       50%         1
 Magic Dart               Conj           0%         1d3       50%         1
 Necrotise                Necr           0%         1d4       50%         1
 Sting                    Conj/Alch      0%         1d3       50%         1
 Summon Small Mammal      Summ           0%         N/A       50%         1
 Blink                    Tloc           0%         N/A       65%         2
 Call Imp                 Summ           0%         N/A       65%         2
 Jinxbite                 Hex            0%         N/A       65%         2
 Mercury Vapours          Alch/Air       0%         N/A       65%         2
 Static Discharge         Conj/Air       0%         3-3/arc   65%         2
 Sublimation of Blood     Necr           0%         N/A       65%         2
 Confusing Touch          Hex            0%         N/A       86%         3
 Dazzling Flash           Conj/Hex       0%         N/A       86%         3
 Frozen Ramparts          Ice            0%         1d1       86%         3
 Hailstorm                Conj/Ice       0%         3d5       86%         3
 Stone Arrow              Conj/Erth      0%         3d7       86%         3
 Summon Ice Beast         Ice/Summ       0%         N/A       86%         3
 Tukima's Dance           Hex            0%         N/A       86%         3
 Volatile Blastmotes      Fire/Tloc      0%         2d10      86%         3
 Airstrike                Air            0%         2d(0-16)  99%         4
 Anguish                  Hex/Necr       0%         N/A       99%         4
 Cause Fear               Hex            0%         N/A       99%         4
 Dispel Undead            Necr           0%         3d6       99%         4
 Leda's Liquefaction      Alch/Erth      0%         N/A       99%         4
 Olgreb's Toxic Radiance  Alch           0%         N/A       99%         4
 Passage of Golubria      Tloc           0%         N/A       99%         4
 Petrify                  Alch/Erth      0%         N/A       99%         4
 Summon Lightning Spire   Summ/Air       0%         N/A       99%         4
 Irradiate                Conj/Alch      0%         3d11      100%        5
 Metabolic Englaciation   Hex/Ice        0%         N/A       100%        5
 Summon Mana Viper        Hex/Summ       0%         N/A       100%        5
 Yara's Violent Unravell  Hex/Alch       0%         3d3       100%        5
 Sculpt Simulacrum        Ice/Alch       0%         N/A       100%        6
 Starburst                Conj/Fire      0%         6d3       100%        6
 Enfeeble                 Hex            0%         N/A       100%        7
 Monstrous Menagerie      Summ           0%         N/A       100%        7
 Ozocubu's Refrigeration  Ice            0%         4d7       100%        7
 Maxwell's Capacitive Co  Air            0%         ∞         100%        8
 Polar Vortex             Ice            0%         N/A       100%        9


Dungeon Overview and Level Annotations

Branches:
Dungeon (15/15)            Temple (1/1) D:6            Lair (5/5) D:8
  Swamp (4/4) Lair:3        Snake (2/4) Lair:3        Slime (0/5) Lair:5
    Orc (2/2) D:12            Elf (0/3) Orc:2        Vaults (0/5) D:14
 Depths (0/4) D:15          IceCv (visited)         Gauntlet (visited)

Altars:
Ashenzari
Cheibriados
Dithmenos
Fedhas
Gozag
Hepliaklqana
Kikubaaqudgha
Makhleb
Nemelex Xobeh
Okawaru
Qazlal
Ru
Sif Muna
Trog
Uskayaw
Vehumet
Wu Jian
Xom
Yredelemnul
Jiyva

Shops:
D:8 !   D:12 [   D:14 **   Orc:1 [*=   Orc:2 [!(   Snake:1 *(!=[?

Annotations:
D:5 1 runed translucent door, Midpoint's ghost, weakling DsDe
D:7 3 runed translucent doors, THTSBRD's ghost, novice MiFi
Lair:1 1 runed translucent door, SirDiesAlot's ghost, journeyman OpFE
Swamp:3 Roxanne


Innate Abilities, Weirdness & Mutations

You have very sharp fingernails.
A meltable icy envelope protects you from harm. (AC +0)
You are mostly covered in sharp spines.
Your movements are less encumbered by armour. (ER -4)
A meltable shield of frost defends you. (SH +0)
You are clumsy. (Dex -2)


Message History

The naga mage attacks as it pursues you!
The naga mage is struck by your spines. The naga mage misses you.
The naga attacks as it pursues you! The naga completely misses you.
The anaconda bites you but does no damage.
The salamander barely misses you.
Unknown command.
You feel extremely sick.
The naga mage attacks as it pursues you!
The naga mage closely misses you. The anaconda is struck by your spines.
The anaconda bites you but does no damage.
The naga mage gestures at you while chanting.
The bolt of poison hits you but does no damage.
You are more poisoned.
You resist. The anaconda is struck by your spines.
The anaconda completely misses you. The naga mage casts a spell at you.
The bolt of poison hits the naga mage.
The bolt of poison hits you but does no damage.
You resist.
There is a stone staircase leading up here.
Unknown command.
You feel extremely sick. The anaconda is struck by your spines.
The anaconda bites you.
* * * LOW HITPOINT WARNING * * *
The salamander attacks as it pursues you!
The salamander hits you from afar with a +0 trident!
* * * LOW HITPOINT WARNING * * *
You are engulfed in flames!
Your icy defences dissipate!
* * * LOW HITPOINT WARNING * * *
Your ballistomycete spore explodes!
The naga mage appears confused.
The explosion of spores engulfs the naga mage!!!
You kill the naga mage!
Fedhas appreciates your contribution to the ecosystem.
The anaconda is struck by your spines.
The anaconda bites you but does no damage.
You hear an angry hiss.
You die...
Fedhas appreciates your contribution to the ecosystem.

####### ........## .
..........## ...
....$.......#####.....
............N..@.......
............NNS######...
.............N..##
.............)...#
.......P.........#
..........).......#
...................^
.......)N..........##
........N...........#


You could see a salamander, an anaconda, a naga mage (fast, curare) and 2 nagas.

Vanquished Creatures
  Nikola (Swamp:3)
  A bone dragon (Swamp:4)
  Jorgrun (Swamp:3)
  Mlioglotl (Swamp:3)
  Kirke (Lair:3)
  2 frost giants
  A nagaraja (Snake:2)
  A ghoul (Swamp:2)
  An orc warlord (Orc:2)
  5 eleionomae
  A minotaur (Gauntlet)
  Snorg (Lair:4)
  5 bunyips
  Fannar (Lair:3)
  4 vault guards (D:14)
  6 alligators
  9 ghost crabs
  5 centaur warriors
  2 catoblepae
  8 hydras
  An anaconda (Snake:1)
  2 death knights
  4 boulder beetles
  4 two-headed ogres
  A naga warrior (Snake:1)
  19 death yaks
  3 tengu warriors
  Urug (D:13)
  2 naga sharpshooters (Snake:1)
  3 orc high priests
  A shock serpent (Snake:2)
  2 skysharks
  Nergalle (Lair:1)
  Amaemon (Lair:1)
  A fire crab (Lair:3)
  7 goliath frogs
  5 swamp dragons
  4 spriggan druids
  10 bog bodies
  A death drake (Swamp:4)
  A naga ritualist (Snake:1)
  3 spectral hydras (Swamp:4)
  3 mana vipers (Snake:1)
  An arcanist (D:14)
  3 lindwurms
  Pikel (D:7)
  3 steelbarb worms (Swamp:1)
  A deep elf pyromancer (D:12)
  3 orc knights
  5 alligator zombies (Swamp:4)
  2 salamanders
  16 ugly things
  7 will-o-the-wisps
  4 manticores
  5 cyclopes
  An orc sorcerer (Orc:1)
  3 meliai (D:15)
  4 kobold blastminers
  15 elephants
  11 black mambas
  An ice statue (IceCv)
  A gargoyle (D:14)
  An orange demon (Lair:1)
  19 cane toads
  6 naga magi
  2 unseen horrors
  6 rime drakes
  Jeremiah (Lair:1)
  9 komodo dragons
  2 swamp worm zombies (Swamp:4)
  An efreet (D:15)
  4 freezing wraiths (D:15)
  An ice devil (Gauntlet)
  A kobold demonologist (D:10)
  A yaktaur (D:15)
  A tengu conjurer (D:13)
  3 hydra zombies (Swamp:4)
  A queen bee (Gauntlet)
  8 polar bears
  7 trolls
  8 hornets
  Prince Ribbit (D:8)
  14 tyrant leeches
  19 blink frogs
  2 spectral swamp dragons (Swamp:4)
  A centaur simulacrum (D:12)
  13 slime creatures
  A shadow (D:13)
  5 spriggans
  A vampire (D:13)
  2 water elementals (D:13)
  2 wraiths
  6 wyverns
  84 yaks
  3 basilisks
  4 hogs (Lair:3)
  4 steam dragons
  22 vampire mosquitoes
  5 wargs
  Grum (Lair:1)
  Edmund (D:4)
  8 nagas
  20 swamp worms
  3 acid dragons
  13 water moccasins
  27 orc warriors
  A sky beast (D:7)
  7 black bears
  7 ogres
  4 swamp dragon zombies (Swamp:4)
  25 wolves
  16 centaurs
  5 phantoms (Swamp:4)
  A lemure (D:7)
  6 kobold brigands
  14 bullfrogs
  2 gnoll sergeants
  A brain worm (shapeshifter) (D:15)
  2 scorpions
  9 wights
  8 killer bees
  A bombardier beetle (D:7)
  8 howler monkeys
  12 electric eels
  A lava snake (Lair:5)
  3 gnoll boudas
  A jelly (D:5)
  24 orc priests
  3 hounds
  Jessica (D:3)
  A spectral swamp drake (Swamp:4)
  5 iguanas
  29 orc wizards
  32 gnolls
  8 adders
  2 swamp drake zombies (Swamp:4)
  3 white imps
  3 dart slugs
  3 ribbon worms (D:2)
  91 orcs
  4 bats
  7 endoplasms
  2 giant cockroaches
  6 goblins
  10 hobgoblins
  5 jackals
  7 quokkas
  3 ball pythons
  2 frilled lizards (D:2)
  26 kobolds
  10 rats
  2 ballistomycete spores
  2 butterflies (Lair:1)
993 creatures vanquished.

Vanquished Creatures (collateral kills)
  2 death yaks (Lair:3)
  A yak (D:10)
  41 ballistomycete spores
44 creatures vanquished.

Vanquished Creatures (others)
  A ghost crab (Swamp:4)
  2 swamp dragons
  A hornet (Swamp:4)
  10 bloated husks
  A spriggan (Swamp:4)
  An acid dragon (Gauntlet)
  A swamp drake (Swamp:2)
  2 phantoms (Swamp:4)
  2 orcs (D:6)
  3 ballistomycete spores
  35 foxfires
59 creatures vanquished.

Grand Total: 1096 creatures vanquished

Notes
Turn   | Place    | Note
-------+----------+-------------------------------------------
     0 | D:1      | grandjackal the Demonspawn Gladiator began the quest for
                  | the Orb.
     0 | D:1      | Reached XP level 1. HP: 16/16 MP: 1/1
    83 | D:1      | Gained mutation: A meltable shield of frost defends you.
                  | (SH +0) [demonic ancestry]
    83 | D:1      | Reached XP level 2. HP: 15/22 MP: 2/2
   616 | D:2      | Reached XP level 3. HP: 28/28 MP: 3/3
   823 | D:2      | Gained mutation: You have sharp fingernails. [demonic
                  | ancestry]
   823 | D:2      | Reached XP level 4. HP: 35/35 MP: 4/4
  1143 | D:2      | Reached skill level 1 in Unarmed Combat
  1338 | D:2      | Identified the +0 helmet of the Mackerel {SInv}
  1460 | D:2      | Reached XP level 5. HP: 41/41 MP: 5/5
  1893 | D:3      | You fall into a shaft and drop 2 floors!
  1893 | D:5      | Entered Level 5 of the Dungeon
  2082 | D:3      | Noticed Jessica
  2086 | D:3      | Killed Jessica
  2569 | D:4      | Gained mutation: You are partially covered in sharp spines.
                  | [demonic ancestry]
  2569 | D:4      | Reached XP level 6. HP: 47/48 MP: 6/6
  2573 | D:4      | Noticed Edmund
  2580 | D:4      | Killed Edmund
  2804 | D:4      | Identified the +2 cloak of the Nurturing Gods {Regen+}
  3279 | D:5      | Found a runed translucent door.
  3279 | D:5      | Noticed Midpoint's ghost (weakling DsDe)
  3341 | D:5      | Noticed a troll
  3353 | D:5      | Reached XP level 7. HP: 51/55 MP: 7/7
  3382 | D:5      | Killed a troll
  3383 | D:5      | Reached skill level 5 in Fighting
  3383 | D:5      | Reached skill level 5 in Axes
  3723 | D:5      | Reached XP level 8. HP: 56/64 MP: 8/8
  4228 | D:6      | Reached skill level 5 in Unarmed Combat
  4400 | D:6      | Found a staircase to the Ecumenical Temple.
  4421 | Temple   | Entered the Ecumenical Temple
  4466 | Temple   | Became a worshipper of Fedhas Madash
  5002 | D:7      | Gained mutation: Your movements are slightly less
                  | encumbered by armour. (ER -2) [demonic ancestry]
  5002 | D:7      | Reached XP level 9. HP: 74/74 MP: 9/9
  5028 | D:7      | Noticed Pikel
  5066 | D:7      | Killed Pikel
  5321 | D:7      | Reached * piety under Fedhas
  5579 | D:7      | Found a runed translucent gate.
  5580 | D:7      | Found a runed translucent gate.
  5581 | D:7      | Found a runed translucent gate.
  5583 | D:7      | Noticed THTSBRD's ghost (novice MiFi)
  5812 | D:8      | Noticed Prince Ribbit
  5820 | D:8      | Killed Prince Ribbit
  5863 | D:8      | Noticed an unseen horror
  5879 | D:8      | Killed an unseen horror
  5883 | D:8      | Reached XP level 10. HP: 79/85 MP: 10/10
  5892 | D:8      | Found a staircase to the Lair.
  5966 | D:8      | Reached ** piety under Fedhas
  6005 | D:8      | Found Vevatyf's Distillery.
  6018 | D:8      | Bought a potion of degeneration for 13 gold pieces
  6019 | D:8      | Bought a potion of heal wounds for 65 gold pieces
  6019 | D:8      | Bought a potion of haste for 130 gold pieces
  6019 | D:8      | Bought a potion of mutation for 104 gold pieces
  6196 | D:9      | Reached skill level 1 in Invocations
  6198 | D:9      | Reached skill level 10 in Fighting
  6203 | D:9      | Reached skill level 2 in Invocations
  6223 | D:9      | Reached skill level 3 in Invocations
  6324 | D:9      | Reached skill level 4 in Invocations
  6479 | D:9      | Reached skill level 5 in Invocations
  6569 | D:9      | Noticed a two-headed ogre
  6580 | D:9      | Reached skill level 6 in Invocations
  6684 | D:9      | Reached *** piety under Fedhas
  6688 | D:9      | Killed a two-headed ogre
  6689 | D:9      | Gained mutation: Your movements are less encumbered by
                  | armour. (ER -4) [demonic ancestry]
  6689 | D:9      | Reached XP level 11. HP: 51/93 MP: 15/15
  7011 | D:9      | Reached skill level 7 in Invocations
  7016 | D:9      | Noticed a two-headed ogre
  7026 | D:9      | Killed a two-headed ogre
  7061 | D:9      | Found an ornate altar of the Wu Jian Council.
  7164 | D:10     | Entered Level 10 of the Dungeon
  7206 | D:10     | Found a bloodstained altar of Trog.
  7224 | D:10     | Reached skill level 10 in Unarmed Combat
  7497 | D:10     | Reached skill level 8 in Invocations
  7550 | D:10     | Noticed a two-headed ogre
  7563 | D:10     | Killed a two-headed ogre
  8144 | D:11     | Reached **** piety under Fedhas
  8406 | D:11     | Reached skill level 9 in Invocations
  8577 | D:11     | Found a gate leading to a gauntlet.
  8583 | Gauntlet | Entered a Gauntlet
  8583 | Gauntlet | Noticed a sixfirhy
  8583 | Gauntlet | Noticed a sixfirhy
  8583 | Gauntlet | Noticed a sixfirhy
  8583 | Gauntlet | Noticed an oklob plant
  8583 | Gauntlet | Found the ring of the Tortoise {AC+8}
  8583 | Gauntlet | Found a transporter.
  8583 | Gauntlet | Found a transporter.
  8589 | Gauntlet | Found a transporter.
  8590 | Gauntlet | Found a transporter.
  8595 | Gauntlet | Found a transporter.
  8600 | Gauntlet | Found a transporter.
  8610 | Gauntlet | Found a transporter.
  8612 | Gauntlet | Found a transporter.
  8636 | Gauntlet | Noticed a cyan ugly thing
  8711 | Gauntlet | Found a transporter.
  8725 | Gauntlet | Identified the amulet of Paranoia {Regen+ Str+3 Dex+2
                  | Stlth-}
  8744 | Gauntlet | Found a transporter.
  8834 | Gauntlet | Found a transporter.
  8873 | Gauntlet | Found a transporter.
  8880 | Gauntlet | Identified the +0 plate armour of Ukerr {Str+3}
  8880 | Gauntlet | Identified the ring of Girideaz {Will+ MP+9}
  8880 | Gauntlet | Noticed a minotaur
  8888 | Gauntlet | Killed a minotaur
  8889 | Gauntlet | Reached skill level 10 in Invocations
  8889 | Gauntlet | Gained mutation: A meltable icy envelope protects you from
                  | harm. (AC +0) [demonic ancestry]
  8889 | Gauntlet | Reached XP level 12. HP: 101/103 MP: 11/19
  8893 | Gauntlet | Got Sif Muna's Papyrus of the Limned Quake
  9422 | D:12     | Noticed a tengu warrior
  9432 | D:12     | Killed a tengu warrior
  9447 | D:12     | Reached skill level 11 in Invocations
  9547 | D:12     | Noticed a boulder beetle
  9589 | D:12     | Killed a boulder beetle
  9601 | D:12     | Found a staircase to the Orcish Mines.
  9602 | D:12     | Found Jyshusiwk's Armour Emporium.
  9782 | D:12     | Noticed a death knight
  9792 | D:12     | Killed a death knight
  9792 | D:12     | HP: 4/105 [mirror damage (14)]
  9932 | D:12     | Noticed a four-headed hydra
  9932 | D:12     | Noticed a boulder beetle
  9940 | D:12     | Killed a four-headed hydra
  9968 | D:12     | Killed a boulder beetle
 10130 | D:12     | Noticed a centaur warrior
 10140 | D:12     | Killed a centaur warrior
 10141 | D:12     | Reached skill level 12 in Invocations
 10227 | Orc:1    | Entered Level 1 of the Orcish Mines
 10239 | Orc:1    | Reached ***** piety under Fedhas
 10276 | Orc:1    | Found a frozen archway.
 10291 | IceCv    | Entered an ice cave
 10315 | IceCv    | Noticed a death yak
 10333 | IceCv    | Killed a death yak
 10487 | IceCv    | Noticed a death yak
 10487 | IceCv    | Noticed a death yak
 10498 | IceCv    | Killed a death yak
 10499 | IceCv    | Reached XP level 13. HP: 112/112 MP: 22/22
 10762 | IceCv    | Reached skill level 13 in Invocations
 10844 | IceCv    | Noticed a frost giant
 10858 | IceCv    | Killed a frost giant
 11364 | Orc:1    | Gained mutation: You are clumsy. (Dex -2) [a neqoxec]
 11401 | Orc:1    | Reached skill level 14 in Invocations
 11410 | Orc:1    | Found Iqocaw Oske's Antique Armour Shoppe.
 11443 | Orc:1    | Found Ponaez's General Store.
 11443 | Orc:1    | Found Poceg's Jewellery Emporium.
 11448 | Orc:1    | Bought a translucent scale mail for 297 gold pieces
 11448 | Orc:1    | Identified the +1 scale mail "Elugeav" {rElec Str+4 Stlth-}
                  | (You bought it in a shop on level 1 of the Orcish Mines)
 11709 | Orc:2    | Entered Level 2 of the Orcish Mines
 11787 | Orc:2    | Reached ****** piety under Fedhas
 11906 | Orc:2    | Found a staircase to the Elven Halls.
 12203 | Orc:2    | Noticed an orc warlord
 12231 | Orc:2    | Killed an orc warlord
 12240 | Orc:2    | Found Ophatiaz's Antique Weapon Shoppe.
 12242 | Orc:2    | Found Quasmoh's Antique Armour Emporium.
 12443 | Orc:2    | Reached skill level 15 in Fighting
 12582 | Orc:2    | Found Jeeff's Antique Armour Boutique.
 12690 | Orc:2    | Found Nint's Distillery.
 12695 | Orc:2    | Bought a potion of brilliance for 56 gold pieces
 12698 | Orc:2    | Bought a potion of haste for 140 gold pieces
 12698 | Orc:2    | Bought a potion of resistance for 140 gold pieces
 12921 | Lair:1   | Entered Level 1 of the Lair of Beasts
 13022 | Lair:1   | Noticed Nergalle
 13031 | Lair:1   | Killed Nergalle
 13070 | Lair:1   | Reached XP level 14. HP: 123/123 MP: 25/25
 13088 | Lair:1   | Reached skill level 15 in Invocations
 13092 | Lair:1   | Noticed Jeremiah
 13109 | Lair:1   | Killed Jeremiah
 13157 | Lair:1   | Noticed Grum
 13163 | Lair:1   | Killed Grum
 13217 | Lair:1   | Noticed Amaemon
 13232 | Lair:1   | Killed Amaemon
 13339 | Lair:1   | Found a runed translucent door.
 13340 | Lair:1   | Noticed SirDiesAlot's ghost (journeyman OpFE)
 13552 | Lair:1   | You fall into a shaft and drop 1 floor!
 14679 | Lair:3   | Noticed Fannar
 14696 | Lair:3   | Killed Fannar
 14708 | Lair:3   | Reached skill level 16 in Invocations
 14813 | Lair:3   | Identified the +6 mace of Guile {pain, Stlth+}
 14838 | Lair:3   | Found a staircase to the Snake Pit.
 14928 | Lair:3   | Found a staircase to the Swamp.
 14944 | Lair:3   | Noticed Kirke
 14960 | Lair:3   | Killed Kirke
 15500 | Lair:4   | Identified a scroll of acquirement
 15814 | Lair:4   | Gained mutation: You are mostly covered in sharp spines.
                  | [demonic ancestry]
 15814 | Lair:4   | Reached XP level 15. HP: 94/132 MP: 27/27
 15821 | Lair:4   | Reached skill level 17 in Invocations
 16007 | Lair:4   | Identified the +6 whip "Aguc" {venom, MP+9}
 16037 | Lair:4   | Noticed Snorg
 16049 | Lair:4   | Killed Snorg
 16159 | Lair:4   | Reached skill level 15 in Unarmed Combat
 16300 | Lair:5   | Entered Level 5 of the Lair of Beasts
 16777 | Lair:5   | Reached skill level 18 in Invocations
 16898 | Lair:5   | Found a viscous altar of Jiyva.
 16898 | Lair:5   | Found a staircase to the Slime Pits.
 17559 | Orc:1    | Bought the ring "Quickosch" {rElec rPois Will+ EV+5} for
                  | 1076 gold pieces
 17840 | D:13     | Noticed Urug
 17849 | D:13     | Killed Urug
 18765 | D:14     | Found a gate to the Vaults.
 18816 | D:14     | Reached XP level 16. HP: 126/142 MP: 29/29
 18873 | D:14     | Reached skill level 19 in Invocations
 18891 | D:14     | Found Caklejan's General Store.
 18895 | D:14     | Found Okybeuki's Specific Store.
 18903 | D:14     | Bought a potion of heal wounds for 60 gold pieces
 18903 | D:14     | Bought a scroll of teleportation for 36 gold pieces
 19169 | D:15     | Entered Level 15 of the Dungeon
 19228 | D:15     | Acquired a +0 pair of boots of flying
 19230 | D:15     | Acquired the ring "Imischal" {rF+ rN+ SInv}
 19577 | D:15     | Found a blossoming altar of Fedhas.
 19779 | D:15     | Found a staircase to the Depths.
 20244 | Swamp:1  | Entered Level 1 of the Swamp
 20471 | Swamp:1  | You are sucked into a shaft and drop 1 floor!
 21539 | Swamp:2  | Reached skill level 20 in Invocations
 21758 | Swamp:2  | Noticed a thorn hunter
 22495 | Swamp:3  | Noticed Nikola
 22496 | Swamp:3  | Noticed Jorgrun
 22505 | Swamp:3  | Killed Jorgrun
 22521 | Swamp:3  | Killed Nikola
 22522 | Swamp:3  | Gained mutation: You have very sharp fingernails. [demonic
                  | ancestry]
 22522 | Swamp:3  | Reached XP level 17. HP: 40/151 MP: 31/31
 22536 | Swamp:3  | Noticed a tentacled monstrosity
 22911 | Swamp:3  | Noticed Roxanne
 23082 | Swamp:3  | Noticed Mlioglotl
 23096 | Swamp:3  | Killed Mlioglotl
 23236 | Swamp:4  | Entered Level 4 of the Swamp
 23524 | Swamp:4  | Reached skill level 21 in Invocations
 23545 | Swamp:4  | Noticed a bone dragon
 23590 | Swamp:4  | Killed a bone dragon
 23682 | Swamp:4  | Got a decaying rune of Zot
 24105 | Snake:1  | Entered Level 1 of the Snake Pit
 24271 | Snake:1  | Found Ysuis's Magic Scroll Boutique.
 24273 | Snake:1  | Found Gubluorgh's Jewellery Shop.
 24273 | Snake:1  | Found Goizouw's Armour Shoppe.
 24279 | Snake:1  | Bought a scroll of poison for 48 gold pieces
 24281 | Snake:1  | Bought a scroll of immolation for 48 gold pieces
 24281 | Snake:1  | Bought a scroll of fear for 48 gold pieces
 24289 | Snake:1  | Found Roiss's Distillery.
 24292 | Snake:1  | Found Poxtyestev's General Store.
 24292 | Snake:1  | Found Cimm's Weapon Shoppe.
 25197 | Snake:2  | HP: 1/153 [salamander/+0 trident (11)]
 25198 | Snake:2  | Succumbed to a naga mage's bolt of poison

Illustrated notes

Levels and vault maps discovered:
D:1:      dpeg_arrival_pits, layout_rooms, hex_medium
D:2:      minmay_chambers_of_ones, layout_basic, minmay_pentomino_s2
D:3:      layout_basic, minivault_25, uniq_jessica
D:4:      layout_loops_cross, minmay_misc_feat_roman, sigmund_army, uniq_edmund
D:5:      layout_cave_pods, ebering_ghost_inner_flame, cheibrodos_gnoll_hut
D:6:      layout_loops_ring, minmay_temple_entry_tees
D:7:      layout_basic, gammafunk_ghost_necromancy, minmay_misc_feat_cross,
          chequers_arboretum, uniq_pikel
D:8:      layout_rooms, lair_entry_dummy, serial_shops, nicolae_shop_tiny_glass,
          uniq_prince_ribbit1
D:9:      layout_rooms, amethyst_overflow_temple_binary, st_stairs_5,
          minmay_variable_closet, corner_web_ring, hex_large
D:10:     layout_small_grid, trog_ov_bears_minmay
D:11:     layout_loops_ring, gauntlet_entry_generic
D:12:     layout_basic, orc_david_3, minmay_shattered_shrine
D:13:     layout_basic, minmay_fountain_box, nrook_campfire, uniq_urug
D:14:     layout_irregular_city, lightli_vaults_fourway_checkpoint,
          minivault_19, nicolae_specific_store, chequers_garden
D:15:     grunt_enter_depths_snipers, layout_grid_maze, fedhas_altar_2
Temple:   hellmonk_temple_of_storms
Lair:1:   layout_gridlike, gammafunk_ghost_grave, wad_woods_river_02,
          lemuel_fruit_fields, uniq_nergalle, uniq_grum, uniq_jeremiah,
          uniq_amaemon
Lair:2:   layout_cellular_growth
Lair:3:   layout_loops_ring, swamp_mist, guppyfry_snake_entry_island,
          beast_lair_carwin_6, grunt_megastairs_5, uniq_kirke, uniq_fannar
Lair:4:   beast_lair_carwin_large_4, layout_gridlike, serial_bayou_lagoon_a,
          uniq_snorg
Lair:5:   minmay_lair_end_frog_pond, layout_cave_pods, dpeg_slime_entry_corner,
          pdpol_lair_neglected_garden, nicolae_quartered_pool_impasse,
          nicolae_lair_lindhole, serial_bayou_shore_a
Swamp:1:  layout_basic_swamp, evilmike_swamp_ruin_rubble_2,
          nicolae_swamp_orc_logging_accident, nicolae_swamp_vermiculated,
          infiniplex_staircase_pool
Swamp:2:  bobbens_index_wilting_gardens, layout_basic_swamp,
          nicolae_swamp_dense_foliage
Swamp:3:  layout_basic_swamp, evilmike_swamp_ruin_house_5, swamp_pool_1_2,
          ldierk_geyser, uniq_jorgrun, uniq_nikola, uniq_roxanne, uniq_mlioglotl
Swamp:4:  swamp_pestilence, layout_basic_swamp
Snake:1:  layout_chambers, nicolae_snake_serpentine_bazaar
Snake:2:  layout_layer_cave
Orc:1:    layout_diamond_mine, portal_ice_cave_entry_pillars_1,
          nicolae_orc_pool_cavern, guppyfry_orc_lava_fort
Orc:2:    grunt_orc_community_town_hall, layout_caves,
          grunt_orc_community_big_house_2, grunt_orc_community_big_house_1,
          grunt_orc_community_house_1, grunt_orc_community_house_1,
          grunt_orc_community_house_3, grunt_orc_community_house_2,
          grunt_orc_community_house_3, grunt_orc_community_house_3

Skill      XL: |  1  2  3  4  5  6  7  8  9 10 11 12 13 14 15 16 17 |
---------------+----------------------------------------------------+-----
Throwing       | 2 |  2.0
Axes           | 3 4 5 |  5.6
Dodging        | 3 |  3.0
Fighting       | 3 4 5 7 9 11 12 13 15 16 17 18 19 | 19.5
Unarmed Combat | 1 2 3 4 6 8 9 11 12 13 14 15 16 17 | 17.6
Invocations    | 6 10 12 14 16 18 20 21 | 21.5

Action                     |  1- 3 |  4- 6 |  7- 9 | 10-12 | 13-15 | 16-18 || total
---------------------------+-------+-------+-------+-------+-------+-------++-------
  Melee: War axe           |    94 |       |       |       |       |       ||    94
         Punch             |     1 |     1 |    10 |    56 |   136 |   113 ||   317
         Flail             |     3 |   237 |   103 |       |       |       ||   343
         Unarmed           |       |       |   199 |   645 |  1248 |   813 ||  2905
  Throw: Throwing net      |       |       |     3 |       |     1 |       ||     4
 Invoke: Overgrow          |       |       |       |     1 |     1 |       ||     2
         Wall of Briars    |       |       |       |     1 |       |       ||     1
         Grow Ballistomyce |       |       |       |     1 |     3 |     3 ||     7
  Evoke: Wand              |       |       |       |     1 |     4 |       ||     5
    Use: Potion            |       |     1 |       |       |     2 |     1 ||     4
         Scroll            |       |       |       |    18 |     5 |     3 ||    26
   Stab: Distracted        |       |     1 |       |       |     3 |       ||     4
         Held in net/web   |       |       |     4 |       |     2 |       ||     6
         Confused          |       |       |       |     1 |       |       ||     1
         Petrified         |       |       |       |       |     8 |       ||     8
         Petrifying        |       |       |       |       |     4 |       ||     4
 Armour: Leather armour    |    70 |   170 |   187 |    87 |       |       ||   514
         Chain mail        |       |       |       |   268 |   100 |       ||   368
         Scale mail        |       |       |       |       |   745 |   682 ||  1427
         Plate armour      |       |       |       |       |    58 |       ||    58
  Dodge: Dodged            |    81 |   186 |   168 |   375 |   905 |   547 ||  2262
  Block: Other             |    24 |    40 |    37 |    79 |   196 |   105 ||   481

Table legend: (Time is in decaauts)
 A = Elapsed time spent in this place.
 B = Non-inter-level travel time spent in this place.
 C = Inter-level travel time spent in this place.
 D = Time resting spent in this place.
 E = Time spent auto-exploring this place.
 F = Levels seen in this place.
 G = Mean time per level.
                   A        B        C        D        E       F      G
               +--------+--------+--------+--------+--------+-----+--------+
         Total |  24782 |  23317 |   1465 |   2011 |  15262 |  31 |  799.4 |
       Dungeon |  12604 |  11837 |    767 |    950 |   8020 |  15 |  840.3 |
        Temple |     50 |     45 |      5 |      0 |      0 |   1 |   50.0 |
          Lair |   4527 |   4237 |    290 |    159 |   3071 |   5 |  905.4 |
         Swamp |   3657 |   3466 |    191 |    492 |   1973 |   4 |  914.2 |
     Snake Pit |   1075 |   1049 |     26 |     25 |    900 |   2 |  537.5 |
  Orcish Mines |   1749 |   1566 |    183 |    104 |   1042 |   2 |  874.5 |
      Ice Cave |    807 |    807 |      0 |    224 |    255 |   1 |  807.0 |
      Gauntlet |    309 |    309 |      0 |     57 |      0 |   1 |  309.0 |
               +--------+--------+--------+--------+--------+-----+--------+

Top non-repeatable levels by time:
 Swamp:2: 1385 daAuts
     D:2: 1116 daAuts
    D:12: 1057 daAuts
 Snake:1: 1042 daAuts
  Lair:5: 1028 daAuts
   Orc:2: 1020 daAuts
    D:10: 1014 daAuts
     D:4: 1000 daAuts
     D:5: 930 daAuts
  Lair:3: 923 daAuts
  Lair:2: 893 daAuts
 Swamp:1: 873 daAuts
    D:15: 863 daAuts
    D:11: 861 daAuts
  Lair:1: 849 daAuts
